 Dungeon Crawl Stone Soup version 0.30.1-11-g7821555f0a (webtiles) character file.

Game seed: 4562214206848799950

507 Ivernyr the Twirler (level 7, -6/52 HPs)
             Began as a Formicid Fighter on Dec 14, 2023.
             Mangled by an ogre
             ... wielding a +0 giant club
              (30 damage)
             ... on level 5 of the Dungeon.
             The game lasted 00:05:54 (3095 turns).

Ivernyr the Twirler (Formicid Fighter)              Turns: 3095, Time: 00:05:55

Health: -6/52      AC:  7    Str: 23    XL:     7   Next: 42%
Magic:  7/7        EV: 10    Int:  7    God:
Gold:   239        SH:  5    Dex: 13    Spells: 6/6 levels left

rFire   . . .        a - +0 quarterstaff
rCold   + . .        c - +0 buckler
rNeg    . . .        b - +2 ring mail {rC+}
rPois   .            (helmet unavailable)
rElec   .            (no cloak)
rCorr   +            (no gloves)
SInv    +            (no boots)
Will    .....        (no amulet)
Stlth   +            q - ring of resist corrosion
HPRegen 0.28/turn    (no ring)
MPRegen 0.10/turn

%: no passive effects
@: no status effects
A: permanent stasis, dig shafts and tunnels, antennae 3, four strong arms
a: Dig, Shaft Self


You were on level 5 of the Dungeon.
You visited 1 branch of the dungeon, and saw 5 of its levels.

You collected 239 gold pieces.

Inventory:

Hand Weapons
 a - a +0 quarterstaff (weapon)
Armour
 b - a +2 ring mail of cold resistance (worn)
 c - a +0 buckler (worn)
Jewellery
 q - a ring of resist corrosion (left hand)
 w - an amulet of magic regeneration
Wands
 n - a wand of flame (38)
 u - a wand of mindburst (17)
Scrolls
 g - a scroll of vulnerability {unknown}
 h - a scroll of amnesia {unknown}
 l - a scroll of enchant armour {unknown}
 m - a scroll of butterflies {unknown}
 o - 3 scrolls of identify {unknown}
 r - a scroll of poison {unknown}
 s - a scroll of teleportation {unknown}
 t - a scroll of fear {unknown}
Potions
 d - 3 potions of might
 e - 7 potions of curing {unknown}
 f - a potion of cancellation {unknown}
 i - a potion of invisibility {unknown}
 j - 2 potions of heal wounds {unknown}
 k - a potion of resistance {unknown}
 p - a potion of magic {unknown}
 v - a potion of berserk rage {unknown}
 x - a potion of ambrosia {unknown}


   Skills:
 - Level 3.2 Fighting
 + Level 7.6 Staves
 - Level 3.2 Armour
 - Level 4.0 Shields


You had 6 spell levels left.
You didn't know any spells.
Your spell library contained the following spells:

 Spells                   Type           Power      Damage    Failure   Level
 Apportation              Tloc           0%         N/A       65%         1
 Necrotise                Necr           0%         1d4       65%         1
 Summon Small Mammal      Summ           0%         N/A       65%         1


Dungeon Overview and Level Annotations

Branches:
Dungeon (5/15)             Temple (0/1) D:5

Altars:
Uskayaw

Shops:
D:5 =


Innate Abilities, Weirdness & Mutations

You cannot be hasted, slowed, berserked, paralysed or teleported.
You can dig through walls and to a lower floor.
You have a pair of large antennae on your head. (SInv)
Your four strong arms can wield two-handed weapons with a shield.


Message History

Found a stone staircase leading down.
There is a stone staircase leading up here.
Found a stone staircase leading up.
Found a stone staircase leading down.
x - a fuming emerald potion An ufetubus comes into view.
The ufetubus shouts!
An orc comes into view. It is wielding a +0 hand axe.
There are monsters nearby!
The orc shouts!
There is an entrance to Detrio's Jewellery Boutique here.
You thump the ufetubus!
You kill the ufetubus!
There is a stone staircase leading up here.
You barely miss the orc. You barely miss the orc. The orc closely misses you.
You sock the orc!
You kill the orc!
You see here a +0 hand axe.
You now have 239 gold pieces (gained 9).
An ogre comes into view. It is wielding a +0 giant club.
The ogre shouts!
An ogre is nearby!
An ogre is nearby!
Found a coppery potion.
Found a staircase to the Ecumenical Temple.
Found a scroll labelled MUANTAN FOUW.
You thump the ogre!
The ogre is heavily wounded.
The ogre hits you with a +0 giant club!!
You barely miss the ogre.
The ogre is heavily wounded.
The ogre hits you with a +0 giant club!
You hit the ogre.
The ogre is heavily wounded.
You hit the ogre.
The ogre is heavily wounded.
The ogre hits you with a +0 giant club!!
Ouch! That really hurt!
You die...

#.......# ..#.###
#.......####.##...###.
##...........#.......
##......<>...##..>!.##
...........#........#
..)....§.....###...
<≈≈≈≈§≈§§......### # .
.......§≈........#.#....
.§≈≈≈≈≈§§##.###.@.......
.##..######.# #..O#.....
.###..# #.# ##........
.# #..# #.# #........ .#
#..# #.# #........ >#
#... #.# ##....... ..
#.##. #.# ....... ...
......?


You could see an ogre.

Vanquished Creatures
  An ogre (D:4)
  A howler monkey (D:4)
  A hound (D:4)
  An orc priest (D:3)
  Ijyb (D:3)
  Natasha (thrice) (D:3)
  3 orc wizards
  3 adders
  2 river rats (D:4)
  An ufetubus (D:5)
  2 worms (D:2)
  A dart slug (D:2)
  12 orcs
  7 endoplasms
  4 giant cockroaches
  5 goblins
  7 hobgoblins
  8 jackals
  7 quokkas
  6 ball pythons
  5 bats
  4 frilled lizards
  7 kobolds
  4 rats
96 creatures vanquished.

Notes
Turn   | Place    | Note
-------+----------+-------------------------------------------
     0 | D:1      | Ivernyr the Formicid Fighter began the quest for the Orb.
     0 | D:1      | Reached XP level 1. HP: 18/18 MP: 1/1
   168 | D:1      | Reached XP level 2. HP: 24/24 MP: 2/2
   209 | D:1      | Reached skill level 3 in Staves
   456 | D:2      | Reached XP level 3. HP: 26/29 MP: 3/3
   762 | D:2      | Reached skill level 4 in Staves
   762 | D:2      | Reached XP level 4. HP: 35/35 MP: 4/4
   807 | D:2      | Found a faded altar of an unknown god.
  1271 | D:3      | Noticed Ijyb
  1286 | D:3      | Killed Ijyb
  1287 | D:3      | Reached XP level 5. HP: 33/41 MP: 5/5
  1393 | D:3      | Found a hide-covered altar of Uskayaw.
  1505 | D:3      | Reached skill level 5 in Staves
  1819 | D:3      | Noticed Natasha
  1827 | D:3      | Killed Natasha
  1828 | D:3      | Reached XP level 6. HP: 23/47 MP: 6/6
  1956 | D:3      | Noticed Natasha
  1964 | D:3      | Killed Natasha
  1965 | D:3      | Reached skill level 6 in Staves
  2007 | D:3      | Noticed Natasha
  2014 | D:3      | Killed Natasha
  2350 | D:4      | Reached skill level 7 in Staves
  2350 | D:4      | Reached XP level 7. HP: 39/52 MP: 7/7
  3052 | D:5      | Entered Level 5 of the Dungeon
  3052 | D:5      | Found Detrio's Jewellery Boutique.
  3089 | D:5      | Found a staircase to the Ecumenical Temple.
  3095 | D:5      | Mangled by an ogre

Illustrated notes

Levels and vault maps discovered:
D:1:      minmay_arrival_doors, layout_rooms
D:2:      layout_loops_ring, ebering_ecumenical_altar_abandoned,
          minmay_misc_feat_five, kennysheep_generic_room_10
D:3:      layout_loops_ring, mainiacjoe_overflow_paths, uniq_ijyb, uniq_natasha
D:4:      layout_loops_ring, gup_sewer_entry_bubbles, minmay_door_square
D:5:      layout_rooms, minmay_temple_entry_slanted, serial_shops,
          nicolae_shop_peninsula, serial_bayou, serial_bayou_pond_e,
          serial_bayou_pond_e, serial_bayou_lagoon_a, serial_bayou_pond_a,
          ebering_ghost_sewer_f

Skill      XL: |  1  2  3  4  5  6 |
---------------+-------------------+-----
Staves         | 3 4 5 7 |  7.6
Fighting       | |  3.2
Armour         | |  3.2
Shields        | |  4.0

Action                     |  1- 3 |  4- 6 |  7- 9 || total
---------------------------+-------+-------+-------++-------
  Melee: Quarterstaff      |    90 |   156 |    57 ||   303
    Use: Potion            |       |       |     1 ||     1
 Armour: Scale mail        |     7 |       |       ||     7
         Ring mail         |    29 |    39 |    14 ||    82
  Dodge: Dodged            |    36 |    67 |    19 ||   122
  Block: Buckler           |    14 |    45 |    13 ||    72
